 Dungeon Crawl Stone Soup version 0.19-a0-1002-g674d22e (webtiles) character file.

42 Amnesiac the Grave Robber (level 3, -1/31 HPs)
             Began as an Ogre Necromancer on July 18, 2016.
             Slain by a giant frog skeleton (4 damage)
             ... on level 4 of the Dungeon.
             The game lasted 00:03:30 (1597 turns).

Amnesiac the Grave Robber (Ogre Necromancer)        Turns: 1597, Time: 00:03:31

Health: -1/31      AC:  4    Str: 13    XL:     3   Next: 54%
Magic:  7/7        EV:  5    Int: 14    God:
Gold:   30         SH:  0    Dex: 11    Spells: 2 memorised, 4 levels left

rFire  . . .     SeeInvis .     l - +0 dagger
rCold  . . .     Gourm    .     a - +0 robe
rNeg   . . .     Faith    .     (no shield)
rPois  .         Spirit   .     (helmet restricted)
rElec  .         Dismiss  .     d - +0 cloak
rCorr  .         Reflect  .     (gloves unavailable)
SustAt .         Harm     .     (boots unavailable)
MR     .....                    (no amulet)
Stlth  +.........               (no ring)
                                (no ring)

@: not resistant to hostile enchantments, very unstealthy
A: unfitting armour, tough skin 1
a: no special abilities


You were on level 4 of the Dungeon.
You were not hungry.

You visited 1 branch of the dungeon, and saw 4 of its levels.

You collected 30 gold pieces.

Inventory:

Hand Weapons
 l - a +0 dagger (weapon)
Armour
 a - a +0 robe (worn)
 d - a +0 cloak (worn)
Scrolls
 e - 2 scrolls of teleportation {unknown}
 g - a scroll of remove curse {unknown}
 h - a scroll of magic mapping {unknown}
 i - 2 scrolls of identify {unknown}
 k - a scroll of enchant weapon {unknown}
 n - 2 scrolls of enchant armour {unknown}
Potions
 j - a potion of flight {unknown}
 o - a potion of curing {unknown}
 q - a potion of cure mutation {unknown}
Books
 b - a book of Necromancy

   Spells                             Type                      Level
   a - Pain                           Necromancy                   1
   b - Animate Skeleton               Necromancy                   1
   c - Vampiric Draining              Necromancy                   3
   d - Regeneration                   Charms/Necromancy            3
   e - Animate Dead                   Necromancy                   4
   f - Control Undead                 Necromancy                   4
Comestibles
 c - 2 bread rations
 f - a slice of pizza
 p - 5 fruits


   Skills:
 - Level 1.7 Dodging
 - Level 1.5 Stealth
 + Level 3.3 Spellcasting
 * Level 3.5 Necromancy


You had 4 spell levels left.
You knew the following spells:

 Your Spells              Type           Power        Failure   Level  Hunger
f - Vampiric Draining     Necr           ##........   17%         3    ###....
z - Pain                  Necr           ##..         6%          1    #......


Dungeon Overview and Level Annotations

Branches:
Dungeon (4/15)
 Temple: D:4-7

Altars:


Innate Abilities, Weirdness & Mutations

You are too large for most types of armour.
You have tough skin. (AC +1)


Message History

The giant frog skeleton closely misses you.
You barely miss the giant frog skeleton.
The giant frog skeleton misses you.
You barely miss the giant frog skeleton.
The giant frog skeleton completely misses you.
The giant frog skeleton barely misses you.
You hit the giant frog skeleton.
The giant frog skeleton hits you but does no damage.
You hit the giant frog skeleton but do no damage.
The giant frog skeleton hits you but does no damage.
You hit the giant frog skeleton. The giant frog skeleton hits you.
The giant frog skeleton misses you.
You hit the giant frog skeleton.
The giant frog skeleton hits you but does no damage.
You hit the giant frog skeleton. The giant frog skeleton hits you.
* * * LOW HITPOINT WARNING * * *
The giant frog skeleton hits you.
* * * LOW HITPOINT WARNING * * *
The giant frog skeleton hits you.
You die...

.# ... #.# #..#
. #..### .(.
#####...###....#
.............#
#####.Z#.####
#..@##Z#
#....### >.
...## #.. ## ###


You could see a giant frog skeleton.

Vanquished Creatures
  An adder (D:2)
  2 worms (D:3)
  2 dart slugs
  3 bats
  2 giant cockroaches
  4 goblins
  2 hobgoblins (D:3)
  A jackal (D:3)
  A ball python (D:3)
  3 kobolds
  A rat (D:2)
22 creatures vanquished.

Notes
Turn   | Place    | Note
-------+----------+-------------------------------------------
     0 | D:1      | Amnesiac the Ogre Necromancer began the quest for the Orb.
     0 | D:1      | Reached XP level 1. HP: 16/16 MP: 3/3
   528 | D:2      | Reached XP level 2. HP: 20/24 MP: 0/6
   857 | D:2      | Found a faded altar of an unknown god.
   909 | D:3      | Reached XP level 3. HP: 30/31 MP: 4/7
   914 | D:3      | Learned a level 3 spell: Vampiric Draining
  1597 | D:4      | Slain by a giant frog skeleton

Vault maps used:
D:1:      enne_arrival_octagon_isle
D:2:      lemuel_coloured_pillars_altar, fedhas_altar_fruit_tree, zin_purify,
          ecumenical_altar_1
D:3:      marbit_many_paths
D:4:      elyvilon_altar_5, serial_shops, shop, first_bread, uniq_menkaure,
          uniq_sigmund

Skill      XL: |  1 |
---------------+----+-----
Necromancy     | 3 |  3.5
Spellcasting   | 3 |  3.3
Dodging        | |  1.7
Stealth        | |  1.5

Action                   || total
-------------------------++-------
Melee: Unarmed           ||    18
       Dagger            ||    17
 Cast: Pain              ||    63
  Eat: Chunk             ||     2
Armor: Robe              ||    13
Dodge: Dodged            ||    30
